 Dungeon Crawl Stone Soup version 0.28-a0-750-g7c675f85b1 (webtiles) character file.

Game seed: 15389913996838462912

58 ytrimaz the Grave Robber (level 3, 0/24 HPs)
             Began as a Demonspawn Necromancer on Oct 29, 2021.
             Slain by a hobgoblin (2 damage)
             ... on level 2 of the Dungeon.
             The game lasted 00:02:29 (2726 turns).

ytrimaz the Grave Robber (Demonspawn Necromancer)   Turns: 2726, Time: 00:02:29

Health: 0/24       AC:  2    Str:  8    XL:     3   Next: 75%
Magic:  1/7        EV: 12    Int: 17    God:
Gold:   53         SH:  0    Dex: 13    Spells: 4/8 levels left

rFire   . . .      SeeInvis .   (no weapon)
rCold   . . .      Faith    .   (no shield)
rNeg    . . .      Spirit   .   a - +0 robe
rPois   .          Reflect  .   (no helmet)
rElec   .          Harm     .   (no cloak)
rCorr   .          Rampage  .   (no gloves)
Will    .....                   (no boots)
Stlth   ++........              (no amulet)
HPRegen 0.08/turn               (no ring)
MPRegen 0.10/turn               (no ring)

@: no status effects
A: claws 1
a: no special abilities


You were on level 2 of the Dungeon.
You visited 1 branch of the dungeon, and saw 2 of its levels.

You collected 53 gold pieces.

Inventory:

Armour
 a - a +0 robe (worn)
Scrolls
 b - a scroll of identify {unknown}
 c - a scroll of teleportation {unknown}
 d - 3 scrolls of noise {unknown}
 e - a scroll of immolation {unknown}
 f - a scroll of enchant armour {unknown}


   Skills:
 - Level 1.7 Dodging
 - Level 1.7 Stealth
 + Level 0.1 Unarmed Combat
 * Level 3.0 Spellcasting
 + Level 5.2 Necromancy


You had 4 spell levels left.
You knew the following spells:

 Your Spells              Type           Power      Damage    Failure   Level
a - Pain                  Necr           80%        1d8       1%          1
b - Vampiric Draining     Necr           10%        2d7       6%          3

Your spell library contained the following spells:

 Spells                   Type           Power      Damage    Failure   Level
 Animate Skeleton         Necr           40%        N/A       1%          1
 Sting                    Tmut/Pois      8%         1d3       17%         1
 Animate Dead             Necr           10%        N/A       21%         4
 Poisonous Vapours        Pois/Air       4%         N/A       26%         2
 Olgreb's Toxic Radiance  Pois           2%         N/A       86%         4
 Agony                    Necr           20%        N/A       50%         5


Dungeon Overview and Level Annotations

Branches:
Dungeon (2/15)

Altars:
Sif Muna


Innate Abilities, Weirdness & Mutations

You have sharp fingernails.


Message History

The adder barely misses you. The adder bites you.
* * * LOW HITPOINT WARNING * * *
You see here 23 stones.
Casting: Vampiric Draining (quite dangerous; 6% risk of failure)
Confirm with . or Enter, or press ? or * to list all spells.
The spell is quite dangerous to cast (6% risk of failure)!
Continue anyway?
Okay, then.
Unknown command.
Casting: Vampiric Draining (quite dangerous; 6% risk of failure)
Confirm with . or Enter, or press ? or * to list all spells.
The spell is quite dangerous to cast (6% risk of failure)!
Continue anyway?
Aiming: Vampiric Draining (quite dangerous; 6% risk of failure)
Press: ? - help, Shift-Dir - straight line, f/p - adder
Aim: an adder You draw life force from the adder.
You feel life coursing into your body. The adder closely misses you.
Unknown command.
Unknown command.
The adder bites you but does no damage.
A hobgoblin comes into view.
The adder bites you.
* * * LOW HITPOINT WARNING * * *
You see here 18 stones.
Casting: Vampiric Draining (quite dangerous; 6% risk of failure)
Confirm with . or Enter, or press ? or * to list all spells.
Aiming: Pain (safe; 1% risk of failure)
Press: ? - help, Shift-Dir - straight line, f/p - adder
Aim: an adder (heavily wounded, chance to affect: 85%)
The adder writhes in agony.
The adder bites you.
* * * LOW HITPOINT WARNING * * *
The adder closely misses you.
You aren't carrying any potions.
You aren't carrying any potions.
Casting: Pain (safe; 1% risk of failure)
Confirm with . or Enter, or press ? or * to list all spells.
You don't have enough magic to cast this spell.
The adder misses you. The hobgoblin hits you.
You die...

..♣ ♣♣.♣
#......#.##........
♣♣♣ ♣.♣♣
#......+.##.#......
♣ ♣.♣♣
#....†.#.##.######.
♣..♣ #......#.##.#
# ♣♣.♣
#####...>...#####
♣.♣♣
#####...........#
♣..♣
#...#...........#
♣♣.♣
#.g.#...........#
♣.♣
#.@.#...........#
♣♣.♣
#...#...........#
♣.♣♣
#.S.#......†....#
♣♣.♣
#.(.#...........#
♣♣.♣♣
#...#........(..#
♣..♣
#...#...........#
♣..♣
#...##.).########
♣..♣ #......###
♣..♣ ####....###


You could see an adder and a hobgoblin.

Vanquished Creatures
  An adder (D:2)
  2 dart slugs (D:2)
  4 bats
  3 endoplasms (D:1)
  A giant cockroach (D:2)
  3 goblins
  6 hobgoblins
  7 jackals
  A quokka (D:1)
  A ball python (D:1)
  A frilled lizard (D:1)
  3 kobolds
  6 rats
39 creatures vanquished.

Notes
Turn   | Place    | Note
-------+----------+-------------------------------------------
     0 | D:1      | ytrimaz the Demonspawn Necromancer began the quest for the
                  | Orb.
     0 | D:1      | Reached XP level 1. HP: 13/13 MP: 3/3
   367 | D:1      | Gained mutation: You have sharp fingernails. [demonic
                  | ancestry]
   367 | D:1      | Reached XP level 2. HP: 9/19 MP: 0/5
  1004 | D:1      | Reached skill level 5 in Necromancy
  2125 | D:2      | Reached XP level 3. HP: 20/24 MP: 2/6
  2192 | D:2      | Found a shimmering blue altar of Sif Muna.
  2356 | D:2      | Learned a level 3 spell: Vampiric Draining
  2726 | D:2      | Slain by a hobgoblin

Illustrated notes

Levels and vault maps discovered:
D:1:      eino_arrival_water_cross, layout_basic
D:2:      kb_forest_paths, layout_basic, basic_altar

Skill      XL: |  1  2  3 |
---------------+----------+-----
Necromancy     | 5 |  5.2
Spellcasting   | 3 |  3.0
Dodging        | |  1.7
Stealth        | |  1.7
Unarmed Combat | |  0.1

Action                   || total
-------------------------++-------
Melee: Unarmed           ||     8
 Cast: Pain              ||    74
       Vampiric Draining ||     1
  Use: Scroll            ||     1
Armor: Robe              ||     8
Dodge: Dodged            ||    38

Table legend: (Time is in decaauts)
 A = Elapsed time spent in this place.
 B = Non-inter-level travel time spent in this place.
 C = Inter-level travel time spent in this place.
 D = Time resting spent in this place.
 E = Time spent auto-exploring this place.
 F = Levels seen in this place.
 G = Mean time per level.
                   A        B        C        D        E       F      G
               +--------+--------+--------+--------+--------+-----+--------+
         Total |   2726 |   2709 |     17 |   1037 |   1354 |   2 | 1363.0 |
       Dungeon |   2726 |   2709 |     17 |   1037 |   1354 |   2 | 1363.0 |
               +--------+--------+--------+--------+--------+-----+--------+

Top non-repeatable levels by time:
     D:1: 2099 daAuts
     D:2: 627 daAuts
